 Dungeon Crawl Stone Soup version 0.31-b1-22-gc680215f68 (webtiles) character file.

Game seed: 10481064671213082612

306 Inchmeat the Trooper (level 6, 0/44 HPs)
             Began as a Gargoyle Gladiator on Jan 19, 2024.
             Blown up by Ijyb (10 damage)
             ... with a mindburst bolt
             ... on level 3 of the Dungeon.
             The game lasted 00:09:59 (3274 turns).

Inchmeat the Trooper (Gargoyle Gladiator)           Turns: 3274, Time: 00:10:00

Health: 0/44       AC: 14    Str: 20    XL:     6   Next: 39%
Magic:  6/6        EV:  8    Int:  8    God:
Gold:   157        SH:  0    Dex: 11    Spells: 5/5 levels left

rFire   . . .        a - +0 flail
rCold   . . .        (no shield)
rNeg    + . .        p - +0 chain mail
rPois   ∞            c - +0 helmet
rElec   +            (no cloak)
rCorr   .            (no gloves)
SInv    .            m - +0 pair of boots
Will    .....        (no amulet) Stlth
                     (no ring)
HPRegen 0.27/turn    (no ring)
MPRegen 0.10/turn

%: no passive effects
@: hasted and slowed
A: sickness immunity, AC +4, negative energy resistance 1, electricity
resistance, torment resistance 1, petrification resistance
a: no special abilities


You were on level 3 of the Dungeon.
You visited 1 branch of the dungeon, and saw 3 of its levels.
You also visited: Sewer.

You collected 157 gold pieces.

Inventory:

Hand Weapons
 a - a +0 flail (weapon)
Missiles
 e - a javelin
Armour
 c - a +0 helmet (worn)
 m - a +0 pair of boots (worn)
 p - a +0 chain mail (worn)
Talismans
 f - a maw talisman
 j - a blade talisman
Scrolls
 b - 2 scrolls of revelation {unknown}
 k - 2 scrolls of vulnerability
 r - a scroll of enchant weapon {unknown}
Potions
 g - a potion of enlightenment {unknown}
 h - a potion of haste
 l - 2 potions of lignification
 n - a potion of resistance
 o - a potion of heal wounds {unknown}


   Skills:
 * Level 7.2 Fighting
 - Level 3.0 Maces & Flails
 - Level 1.7 Throwing
 - Level 2.4 Dodging


You had 5 spell levels left.
You didn't know any spells.
Your spell library contained the following spells:

 Spells                   Type           Power      Damage    Failure   Level
 Dispel Undead            Necr           0%         3d6       100%        4
 Martyr's Knell           Necr/Summ      0%         N/A       100%        4
 Death Channel            Necr           0%         N/A       100%        6
 Cigotuvi's Dreadful Rot  Necr/Alch/Air  Unusable   N/A       N/A         2

Dungeon Overview and Level Annotations

Branches:
Dungeon (3/15)              Sewer (visited)

Altars:

Annotations:
D:3 Ijyb


Innate Abilities, Weirdness & Mutations

You are immune to sickness and miasma.
Your stone body is resilient. (AC +4)
You are immune to poison.
You resist negative energy. (rN+)
You are resistant to electric shocks. (rElec)
You are resistant to unholy torment.
You are immune to petrification.


Message History

The cerulean imp hits you from afar with a +2 spear.
The cerulean imp closely misses you. Natasha claws you but does no damage.
The cerulean imp barely misses you.
The cerulean imp hits you from afar with a +3 spear.
Natasha claws you but does no damage.
You take 5 damage, and have 17/44 hp.
You sock Natasha!
You kill Natasha!
You feel Natasha's spirit has finally been put to rest.
The cerulean imp disappears in a puff of smoke! x2
You thump the kobold!
You kill the kobold!
You sock the goblin!
You kill the goblin!
Ijyb closely misses you.
You hit Ijyb.
Ijyb is lightly wounded.
Ijyb zaps a wand.
Your mind is blasted!
* * * LOW HITPOINT WARNING * * *
Ijyb zaps a wand.
You barely resist.
You take 16 damage, and have 3/44 hp.
MASSIVE DAMAGE!!
You feel better. Ijyb hits you but does no damage.
You regained 11 hp, and now have 14/44 hp.
You feel better.
Ijyb grins evilly.
Ijyb hits you with a +8 club. Ijyb misses you.
You regained 5 hp, and now have 19/44 hp.
Hit: a) +0 flail
Press: ? - help, Dir - move target, f - Ijyb
Aim: Ijyb, wielding a +8 club, wearing a +3 leather armour of poison resistance and carrying a wand of mindburst (lightly wounded, about 50% to evade your +0 flail)
Okay, then.
You feel yourself speed up. Ijyb hits you with a +8 club.
You take 2 damage, and have 17/44 hp.
Ijyb zaps a wand.
You barely resist.
Ijyb zaps a wand.
You barely resist.
Ijyb zaps a wand.
Your mind is blasted!
* * * LOW HITPOINT WARNING * * *
You take 11 damage, and have 8/44 hp.
MASSIVE DAMAGE!!
Ijyb zaps a wand.
Your mind is blasted!
You die...

#.......##...........
#.####..##...........
#.#......#...........
#.#.####.#...........
###.#.# .#...........
##...#.# .#.5.........
##..#.#.####.#.g..5.K....
#.....)......#.######....
#(..####@.####.# ####
#..##..##...†).#
#.......#.#.####
##..##..#.#.#
#.##..##g#.# #.#..##..#g#
#.#..†)..#.# #.##..##.#.#
#..####....#


You could see Ijyb.

Vanquished Creatures
  Pargi (Sewer)
  Terence (D:3)
  Natasha (thrice) (D:3)
  2 adders (D:2)
  2 orcs (D:3)
  13 ball pythons
  5 bats
  5 endoplasms
  5 giant cockroaches
  6 goblins
  7 hobgoblins
  13 jackals
  7 kobolds
  5 quokkas
  8 frilled lizards
  2 rats (D:2)
85 creatures vanquished.

Notes
Turn   | Place    | Note
-------+----------+-------------------------------------------
     0 | D:1      | Inchmeat the Gargoyle Gladiator began the quest for the
                  | Orb.
     0 | D:1      | Reached XP level 1. HP: 12/12 MP: 1/1
   640 | D:1      | Reached skill level 3 in Fighting
   640 | D:1      | Reached XP level 2. HP: 19/19 MP: 2/2
   807 | D:1      | Reached XP level 3. HP: 24/24 MP: 3/3
  1001 | D:1      | Reached skill level 4 in Fighting
  1691 | D:2      | Reached XP level 4. HP: 30/30 MP: 4/4
  2122 | D:2      | Reached skill level 5 in Fighting
  2329 | D:3      | Found a glowing drain.
  2333 | Sewer    | Entered a sewer
  2378 | Sewer    | Noticed Pargi
  2405 | Sewer    | Killed Pargi
  2406 | Sewer    | Reached skill level 6 in Fighting
  2406 | Sewer    | Reached XP level 5. HP: 24/36 MP: 5/5
  2693 | D:3      | Noticed Natasha
  2706 | D:3      | Killed Natasha
  3040 | D:3      | Reached XP level 6. HP: 42/42 MP: 6/6
  3113 | D:3      | Noticed Natasha
  3119 | D:3      | Killed Natasha
  3136 | D:3      | Noticed Terence
  3152 | D:3      | Killed Terence
  3153 | D:3      | Reached skill level 7 in Fighting
  3233 | D:3      | Noticed Natasha
  3234 | D:3      | Noticed Ijyb
  3253 | D:3      | Killed Natasha
  3274 | D:3      | Blown up by Ijyb

Illustrated notes

Levels and vault maps discovered:
D:1:      lemuel_arrival_river_ford, layout_basic, fountainhead,
          chequers_serial_rivers_room_a, minmay_misc_feat_pillars,
          minmay_pentomino_r2
D:2:      layout_loops_ring, minmay_increasing_density
D:3:      layout_basic, mainiacjoe_sewer_entry_somewhere_in_here_2,
          serial_bayou, serial_bayou_shore_b, serial_bayou_lake_a,
          serial_bayou_crossing, serial_bayou_pond_c, serial_bayou_shore_b,
          serial_bayou_pond_e, dreamdust_princess_corridor,
          minmay_close_crescents, uniq_ijyb, uniq_terence, uniq_natasha

Skill      XL: |  1  2  3  4  5  6 |
---------------+-------------------+-----
Fighting       | 3 4 6 7 |  7.2
Maces & Flails | |  3.0
Throwing       | |  1.7
Dodging        | |  2.4

Action                     |  1- 3 |  4- 6 || total
---------------------------+-------+-------++-------
  Melee: Flail             |   152 |   185 ||   337
         Punch             |     1 |     1 ||     2
  Throw: Throwing net      |       |     3 ||     3
    Use: Scroll            |     3 |     4 ||     7
         Potion            |       |     3 ||     3
 Armour: Leather armour    |   113 |       ||   113
         Chain mail        |    10 |   189 ||   199
  Dodge: Dodged            |   144 |   100 ||   244
         Form:             |     1 |       ||     1
         Maw               |     1 |       ||     1
